 Dungeon Crawl Stone Soup version 0.23-a0-182-g58cdd98 (webtiles) character file.

135997 iamserjio the Marksdraconian (level 16, -20/149 HPs)
             Began as a Black Draconian Wanderer on Sept 20, 2018.
             Was the Champion of Okawaru.
             Shot with a bolt by a naga sharpshooter (24 damage)
             ... on level 3 of the Snake Pit.
             The game lasted 01:40:39 (43739 turns).

iamserjio the Marksdraconian (DrWn)                Turns: 43739, Time: 01:40:40

Health: -20/149    AC: 20    Str: 20    XL:     16   Next: 65%
Magic:  24/28      EV: 21    Int: 18    God:    Okawaru [******]
Gold:   688        SH:  4    Dex: 16    Spells: 11/31 levels left

rFire    . . .     SeeInvis .   Z - +8 longbow of Risk Management {flame, rC+}
rCold    + + +     Gourm    .   (shield currently unavailable)
rNeg     . . .     Faith    .   (armour unavailable)
rPois    +         Spirit   .   E - +2 hat
rElec    +         Reflect  +   t - +1 cloak
rCorr    .         Harm     .   s - +1 pair of gloves {Dex+3}
MR       ++...                  j - +1 pair of boots
Stlth    ++........             i - amulet of Royalty {Reflect rPois rC+ SH+4}
HPRegen  0.34/turn              C - +3 ring of protection
MPRegen  0.21/turn              c - ring of Charity {rC+ MR+ Int+6}

@: lethally poisoned (-20 -> -21), about to teleport, finesse, very slightly
contaminated
A: breathe lightning, unfitting armour, big wings, electricity resistance,
cold-blooded, AC +9
a: Breathe Lightning, Fly, Heroism, Finesse, Renounce Religion


You were on level 3 of the Snake Pit.
You worshipped Okawaru.
Okawaru was exalted by your worship.
You were hungry.

You visited 5 branches of the dungeon, and saw 27 of its levels.
You also visited: Sewer and Ice Cave.

You collected 2640 gold pieces.
You spent 1952 gold pieces at shops.

Inventory:

Hand Weapons
 l - the +5 demon whip "Qojahyza" {pain, rF- rC+ Str+2}
   (Okawaru gifted it to you on level 1 of the Snake Pit)

   In the hands of one skilled in necromantic magic, it inflicts extra damage on
   living creatures.
   It affects your strength (+2).
   It makes you vulnerable to fire.
   It protects you from cold.
 u - a +4 longbow of freezing
 z - a +0 scimitar of flaming
 V - the +10 morningstar "Eos" {elec, Halo rElec}
   (You found it in an ice cave)

   Occasionally, upon striking a foe, it will discharge some electrical energy
   and cause terrible harm.
   It insulates you from electricity.
 Z - the +8 longbow of Risk Management (weapon) {flame, rC+}
   (Okawaru gifted it to you on level 5 of the Lair of Beasts)

   It causes projectiles fired from it to burn those they strike, causing extra
   injury to most foes and up to half again as much damage against particularly
   susceptible opponents.
   It protects you from cold.
Missiles
 b - 591 arrows (quivered)
 x - 2 throwing nets {!f}
Armour
 j - a +1 pair of boots (worn)
 r - the +1 pair of gloves of Ziatuerch {rF+}
   (You found it in an ice cave)

   It protects you from fire.
 s - a +1 pair of gloves of dexterity (worn)
 t - a +1 cloak (worn)
 E - a +2 hat (worn)
 W - a +0 cloak of poison resistance
Jewellery
 a - an uncursed ring of wizardry
 c - the ring of Charity (right hand) {rC+ MR+ Int+6}
   (You bought it in a shop on level 1 of the Orcish Mines)

   [ring of protection from magic]

   It affects your intelligence (+6).
   It protects you from cold.
   It affects your resistance to hostile enchantments.
 i - the amulet of Royalty (around neck) {Reflect rPois rC+ SH+4}
   (You bought it in a shop on level 1 of the Orcish Mines)

   [amulet of reflection]

   It shields you and reflects attacks.
   It protects you from cold.
   It protects you from poison.
   It affects your SH (+4).
 C - a +3 ring of protection (left hand)
 P - the amulet of the Air {Inacc +Fly rElec EV+5 RMsl}
   (You found it on level 1 of the Lair of Beasts)

   [amulet of inaccuracy]

   It reduces the accuracy of all your attacks.
   It affects your evasion (+5).
   It insulates you from electricity.
   It lets you fly.
   It protects you from missiles.
 Q - an uncursed ring of protection from magic
Wands
 o - a wand of iceblast (26)
 y - a wand of paralysis (31)
 F - a wand of scattershot (4)
 I - a wand of digging (22)
 N - a wand of enslavement (23)
Scrolls
 h - 6 scrolls of teleportation
 k - 2 scrolls of immolation
 m - 15 scrolls of remove curse {@r2}
 q - a scroll of fog
 A - 7 scrolls of enchant weapon
 J - a scroll of summoning
 K - 7 scrolls of magic mapping
 O - a scroll of fear
 R - 4 scrolls of silence
 S - a scroll of vulnerability
 U - a scroll of blinking
Potions
 d - a potion of lignification
 e - 8 potions of haste
 g - 3 potions of mutation
 n - 4 potions of heal wounds
 p - 13 potions of curing {@q1}
 v - a potion of might
 w - a potion of invisibility
 B - 3 potions of agility
 G - 4 potions of brilliance
 H - 2 potions of berserk rage
 L - a potion of ambrosia {unknown}
 X - 3 potions of experience {unknown}
 Y - 2 potions of magic {unknown}
Comestibles
 f - 17 rations


   Skills:
 + Level 15.1 Fighting
   Level 1.0 Short Blades
 - Level 8.1 Maces & Flails
 + Level 15.5 Bows
 + Level 11.9 Dodging
 - Level 1.0 Stealth
 - Level 8.0 Spellcasting
 - Level 4.0 Charms
 - Level 5.0 Summonings
 - Level 2.0 Translocations
 - Level 6.0 Air Magic
 - Level 7.0 Invocations
 - Level 6.0 Evocations


You had 11 spell levels left.
You knew the following spells:

 Your Spells              Type           Power        Failure   Level  Hunger
a - Blink                 Tloc           N/A          6%          2    None
b - Summon Lightning Spi  Summ/Air       ####....     10%         4    ###....
c - Mephitic Cloud        Conj/Pois/Air  ##......     13%         3    #......
d - Deflect Missiles      Chrm/Air       ####......   88%         6    ######.
e - Silence               Hex/Air        ###.......   61%         5    #####..

Your spell library contained the following spells:

 Spells                   Type           Power        Failure   Level  Hunger
 Summon Small Mammal      Summ           ####         1%          1    None
 Call Imp                 Summ           ####....     1%          2    None
 Call Canine Familiar     Summ           ####....     3%          3    #......
 Beastly Appendage        Tmut           #.....       10%         1    None
 Flame Tongue             Conj/Fire      #....        10%         1    None
 Magic Dart               Conj           #...         10%         1    None
 Summon Guardian Golem    Hex/Summ       ###.....     11%         3    #......
 Passwall                 Tmut/Erth      #.......     14%         2    None
 Slow                     Hex            #.......     14%         2    None
 Sticks to Snakes         Tmut           #.......     14%         2    None
 Throw Flame              Conj/Fire      #.....       14%         2    None
 Conjure Flame            Conj/Fire      #.......     28%         3    #......
 Inner Flame              Hex/Fire       #.......     28%         3    #......
 Summon Ice Beast         Ice/Summ       ###.....     34%         4    ###....
 Cause Fear               Hex            #.........   67%         4    ###....
 Leda's Liquefaction      Hex/Erth       #.........   67%         4    ###....
 Sticky Flame             Conj/Fire      #.......     67%         4    ###....
 Bolt of Magma            Conj/Fire/Erth #.........   95%         5    #####..
 Fireball                 Conj/Fire      #.........   95%         5    #####..
 Yara's Violent Unravell  Hex/Tmut       #.........   95%         5    #####..
 Iron Shot                Conj/Erth      #.........   100%        6    ######.
 Statue Form              Tmut/Erth      #........    100%        6    ######.
 Dragon Form              Tmut           #.........   100%        7    #######
 Discord                  Hex            #.........   100%        8    #######
 Shatter                  Erth           #.........   100%        9    #######


Dungeon Overview and Level Annotations

Branches:
Dungeon (15/15)            Temple (1/1) D:7            Lair (6/6) D:10
 Shoals (0/4) Lair:2        Snake (3/4) Lair:2        Slime (0/5) Lair:6
    Orc (2/2) D:10            Elf (0/3) Orc:2        Vaults (0/5) D:13
 Depths (0/5) D:15

Altars:
Ashenzari
Cheibriados
Dithmenos
Elyvilon
Fedhas
Gozag
Hepliaklqana
Kikubaaqudgha
Makhleb
Nemelex Xobeh
Okawaru
Qazlal
Ru
Sif Muna
Trog
Uskayaw
Vehumet
Wu Jian
Xom
Yredelemnul
Zin
The Shining One
Beogh
Jiyva

Shops:
D:11 :   D:13 %   D:15 !%   Orc:1 =   Orc:2 %*=}   Snake:1 [

Annotations:
D:13 2 transporters, iamserjio's ghost, journeyman DrWn


Innate Abilities, Weirdness & Mutations

You can breathe wild blasts of lightning.
Your glossy black scales are hard. (AC +9)
You cannot fit into any form of body armour.
Your large and strong wings let you fly indefinitely.
You are resistant to electric shocks. (rElec)
You are cold-blooded and may be slowed by cold attacks.


Message History

The naga sharpshooter mumbles some strange words.
The naga sharpshooter magically shoots a bolt.
The bolt hits you!
* * * LOW HITPOINT WARNING * * *
You feel much better. The nagaraja spits poison at you.
The splash of poison hits you!
You are poisoned.
You resist.
* * * LOW HITPOINT WARNING * * *
The naga sharpshooter shoots a bolt.
The bolt hits you.
* * * LOW HITPOINT WARNING * * *
You feel sick.
The nagaraja gestures at you while chanting.
The orb of energy hits you!
* * * LOW HITPOINT WARNING * * *
The naga sharpshooter mumbles some strange words.
The naga sharpshooter magically shoots a bolt.
The bolt hits you!!
You die...

##...............#
##...............
#.........N....
####'##.(..###
#.......#(...#
#...[...#....#
##.....##....##
#.....#....(.#
#.....##...)@#
#......#...(()(#
#......###..((((..
##()...?...
##().....(
#N((.....
.(((.....
.(......(


You could see a nagaraja and a naga sharpshooter.

Vanquished Creatures
  Vashnia (Snake:2)
  Nikola (Snake:2)
  Roxanne (D:15)
  3 nagarajas
  An orc warlord (D:10)
  A stone giant (Orc:2)
  A reaper (IceCv)
  Azrael (D:13)
  Snorg (Lair:4)
  An ettin (Orc:2)
  Josephine (Lair:6)
  A fire dragon (D:15)
  A rakshasa (D:14)
  The ghost of Orchof the Spear-Bearer, a journeyman GrFi of Kikubaaqudgha (Lair:5)
  A vault guard (D:13)
  2 catoblepae
  2 anacondas (Snake:1)
  6 naga warriors
  6 hydras
  5 centaur warriors
  7 two-headed ogres
  A death knight (D:11)
  A queen ant (Lair:2)
  7 death yaks
  5 naga sharpshooters (Snake:2)
  3 shock serpents
  A storm dragon zombie (D:15)
  Sonja (Lair:6)
  Nergalle (Lair:4)
  2 skeletal warriors (D:15)
  2 salamander mystics (Snake:3)
  A golden dragon zombie (D:15)
  An unseen horror (D:14)
  A wizard (D:14)
  A phantasmal warrior (D:15)
  3 naga ritualists (Snake:1)
  2 orc knights
  A necromancer (D:15)
  A wolf spider (Lair:6)
  5 oklob plants
  An ugly thing (D:13)
  7 orc sorcerers
  A deep elf mage (D:15)
  4 mana vipers
  2 manticores
  4 cyclopes
  3 salamanders (Snake:3)
  11 elephants
  4 naga magi (Snake:1)
  A black mamba (shapeshifter) (D:14)
  A guardian serpent (Lair:6)
  33 black mambas
  2 ice statues (IceCv)
  3 merfolk sirens (Lair:2)
  12 spiny frogs
  A torpor snail (Lair:5)
  4 gargoyles
  A yaktaur zombie (D:15)
  5 ice devils (IceCv)
  2 rime drakes (Lair:6)
  7 komodo dragons
  3 centaur skeletons
  2 kobold demonologists
  A freezing wraith (D:9)
  2 tengu conjurers (D:15)
  A harpy zombie (D:15)
  4 trolls
  A merfolk (Lair:2)
  3 hornets
  11 hippogriffs
  4 slime creatures (Lair:5)
  11 blink frogs
  4 redbacks (Lair:6)
  4 wraiths
  A vampire (D:15)
  40 yaks
  2 basilisks
  9 wyverns
  5 fire elementals (D:13)
  3 hungry ghosts
  2 steam dragons
  8 vampire mosquitoes (D:14)
  Menkaure (D:4)
  15 nagas
  7 soldier ants
  9 wargs
  21 water moccasins
  2 hell hounds (D:13)
  Duvessa (D:4)
  7 porcupines
  2 ice beasts
  21 orc warriors
  2 sky beasts
  8 ogres
  2 phantoms
  A necrophage (D:11)
  A boggart (D:11)
  14 wolves
  10 centaurs
  3 big kobolds
  14 crocodiles
  13 bullfrogs
  A wyvern zombie (D:10)
  A yaktaur skeleton (D:15)
  Dowan (D:4)
  2 scorpions
  5 wights (D:7)
  An electric eel (D:14)
  6 crimson imps
  2 howler monkeys
  A bullfrog zombie (D:12)
  6 centaur zombies
  2 jellies (Lair:5)
  Crazy Yiuf (D:7)
  8 hounds
  3 bullfrog skeletons
  11 orc priests
  3 iguanas
  Ijyb (D:4)
  Natasha (D:3)
  44 orc wizards
  16 worker ants
  3 hound skeletons
  2 howler monkey zombies
  2 worker ant zombies
  10 adders
  3 gnolls (D:7)
  8 white imps (IceCv)
  6 ufetubi (IceCv)
  An ooze (D:3)
  3 adder skeletons
  3 worms
  2 dart slugs (D:3)
  2 leopard geckos
  102 orcs
  6 bats
  5 giant cockroaches
  24 goblins
  8 hobgoblins
  23 jackals
  2 quokkas
  7 frilled lizards
  2 jackal zombies (D:8)
  14 kobolds
  A quokka skeleton (D:6)
  12 rats
  A bush (Lair:3)
  A fungus (Lair:6)
  2 plants
840 creatures vanquished.

Vanquished Creatures (collateral kills)
  A death ooze (Lair:5)
1 creature vanquished.

Vanquished Creatures (others)
  A centaur warrior (D:14)
  A naga sharpshooter (Snake:2)
  An orc warrior (D:10)
  A bullfrog (Lair:5)
  An orc priest (D:14)
  An orc wizard (D:13)
  5 white imps (IceCv)
  4 ufetubi (IceCv)
  14 bushes
  27 fungi
  36 plants
  A withered plant (D:15)
93 creatures vanquished.

Grand Total: 934 creatures vanquished

Notes
Turn   | Place    | Note
-------+----------+-------------------------------------------
     0 | D:1      | iamserjio the Draconian Wanderer began the quest for the
                  | Orb.
     0 | D:1      | iamserjio set off with: a +2 shortbow, 30 arrows, a +0
                  | quarterstaff, a potion of lignification, a ration
     0 | D:1      | Reached XP level 1. HP: 19/19 MP: 2/2
   312 | D:1      | Reached XP level 2. HP: 26/26 MP: 3/3
   806 | D:2      | Reached XP level 3. HP: 31/31 MP: 4/4
  1120 | D:2      | Found a hide-covered altar of Uskayaw.
  1800 | D:3      | Reached XP level 4. HP: 28/38 MP: 5/5
  1808 | D:3      | Found a snail-covered altar of Cheibriados.
  2089 | D:3      | Noticed Natasha
  2114 | D:3      | Killed Natasha
  2371 | D:3      | Found a sacrificial altar of Ru.
  2615 | D:3      | Reached XP level 5. HP: 33/45 MP: 6/6
  2812 | D:4      | Noticed Menkaure
  2849 | D:4      | Noticed Dowan
  2926 | D:4      | Found a glowing drain.
  2935 | D:4      | Reached skill level 5 in Bows
  2948 | Sewer    | Entered a sewer
  3296 | Sewer    | Found a white marble altar of Elyvilon.
  3482 | D:4      | Reached XP level 6. HP: 35/51 MP: 7/7
  3801 | D:4      | Noticed Duvessa
  3817 | D:4      | Found a hazy altar of Hepliaklqana.
  3838 | D:4      | Killed Menkaure
  4066 | D:4      | Noticed Ijyb
  4072 | D:4      | Paralysed by Ijyb for 3 turns
  4078 | D:4      | Killed Ijyb
  4291 | D:4      | Found a hazy altar of Hepliaklqana.
  4422 | D:5      | Entered Level 5 of the Dungeon
  4455 | D:5      | Found a shadowy altar of Dithmenos.
  4518 | D:5      | Noticed an ice beast
  4551 | D:5      | Killed an ice beast
  4551 | D:5      | Your scales start taking on a glossy black colour.
  4551 | D:5      | Reached XP level 7. HP: 32/57 MP: 8/8
  4551 | D:5      | Gained mutation: You are resistant to electric shocks.
                  | (rElec) [Black Draconian growth]
  5707 | D:6      | Reached XP level 8. HP: 53/63 MP: 9/9
  6398 | D:7      | Found a staircase to the Ecumenical Temple.
  6409 | D:7      | Reached skill level 10 in Bows
  6461 | Temple   | Entered the Ecumenical Temple
  6575 | Temple   | Became a worshipper of Warmaster Okawaru
  7016 | D:7      | Found a runed door.
  7356 | D:7      | Noticed Crazy Yiuf
  7361 | D:7      | Killed Crazy Yiuf
  7484 | D:4      | Killed Duvessa
  7484 | D:4      | Reached XP level 9. HP: 68/70 MP: 10/10
  7494 | D:4      | Killed Dowan
  7792 | D:8      | Reached skill level 1 in Invocations
  8103 | D:8      | Reached * piety under Okawaru
  8185 | D:8      | Found a blossoming altar of Fedhas.
  8185 | D:8      | Found a deep blue altar of Sif Muna.
  8188 | D:8      | Found a bloodstained altar of Trog.
  8936 | D:9      | Found a sparkling altar of Nemelex Xobeh.
  9063 | D:9      | Reached ** piety under Okawaru
  9073 | D:9      | Noticed a two-headed ogre
  9087 | D:9      | Killed a two-headed ogre
  9087 | D:9      | Reached skill level 5 in Fighting
  9661 | D:10     | Entered Level 10 of the Dungeon
  9673 | D:10     | Reached XP level 10. HP: 81/81 MP: 13/13
  9675 | D:10     | Noticed a two-headed ogre
  9685 | D:10     | Killed a two-headed ogre
  9685 | D:10     | Reached *** piety under Okawaru
  9892 | D:10     | Received a gift from Okawaru
 10465 | D:9      | Received a gift from Okawaru
 10486 | D:9      | Reached skill level 5 in Dodging
 10585 | D:10     | Reached **** piety under Okawaru
 11545 | D:10     | Found a staircase to the Lair.
 11813 | D:10     | Found a staircase to the Orcish Mines.
 11890 | D:11     | Found Lusegoc's Book Shop.
 12435 | D:11     | Reached XP level 11. HP: 93/95 MP: 14/14
 12823 | D:11     | Noticed a death knight
 13715 | D:11     | Found a burning altar of Makhleb.
 13933 | D:11     | Killed a death knight
 14113 | D:11     | Received a gift from Okawaru
 15124 | D:12     | Noticed a two-headed ogre
 15138 | D:12     | Killed a two-headed ogre
 15534 | D:12     | Reached skill level 10 in Fighting
 16301 | Lair:1   | Entered Level 1 of the Lair of Beasts
 16318 | Lair:1   | Noticed an eight-headed hydra
 16334 | Lair:1   | Killed an eight-headed hydra
 16994 | Lair:1   | Found the amulet of the Air {Inacc +Fly rElec EV+5 RMsl}
 17292 | Lair:1   | Found a sacrificial altar of Ru.
 17540 | Lair:1   | Received a gift from Okawaru
 18255 | Lair:2   | Reached XP level 12. HP: 95/111 MP: 12/15
 18266 | Lair:2   | Reached skill level 1 in Maces & Flails
 18520 | Lair:2   | Found a staircase to the Shoals.
 18541 | Lair:2   | Received a gift from Okawaru
 18901 | Lair:2   | Reached skill level 5 in Invocations
 19390 | Lair:2   | Found a staircase to the Snake Pit.
 19567 | Lair:2   | Reached ***** piety under Okawaru
 19987 | Lair:2   | Noticed a queen ant
 19997 | Lair:2   | Killed a queen ant
 19997 | Lair:2   | Reached skill level 5 in Maces & Flails
 20012 | Lair:2   | Received a gift from Okawaru
 20992 | Lair:3   | HP: 6/168 [black mamba (4)]
 20993 | Lair:3   | Received a gift from Okawaru
 21516 | Lair:3   | Received a gift from Okawaru
 22501 | Lair:3   | Received a gift from Okawaru
 22923 | Lair:4   | Noticed a death yak
 22924 | Lair:4   | Noticed a death yak
 22927 | Lair:4   | Noticed a death yak
 22927 | Lair:4   | Noticed a death yak
 22928 | Lair:4   | Noticed a death yak
 22928 | Lair:4   | Noticed a death yak
 22961 | Lair:3   | Killed a death yak
 23612 | Lair:3   | Killed a death yak
 23612 | Lair:3   | Reached XP level 13. HP: 88/118 MP: 13/16
 24406 | Lair:4   | Noticed Snorg
 24464 | Lair:4   | Killed Snorg
 24563 | Lair:4   | Learned a level 2 spell: Blink
 24568 | Lair:4   | Learned a level 4 spell: Summon Lightning Spire
 24666 | Lair:4   | Noticed Nergalle
 24683 | Lair:4   | Killed Nergalle
 24858 | Lair:3   | Reached skill level 1 in Summonings
 24858 | Lair:3   | Reached skill level 1 in Air Magic
 25474 | Lair:4   | Reached skill level 1 in Spellcasting
 25971 | Lair:5   | Found a runed gate.
 25972 | Lair:5   | Found a runed gate.
 25973 | Lair:5   | Found a runed gate.
 25975 | Lair:5   | Noticed Orchof's ghost (journeyman GrFi)
 25975 | Lair:5   | Noticed a death ooze
 26011 | Lair:5   | Received a gift from Okawaru
 26068 | Lair:5   | Found a frozen archway.
 26096 | IceCv    | Entered an ice cave
 26915 | IceCv    | Got a pair of spiked gloves
 26935 | IceCv    | Identified the +1 pair of gloves of Ziatuerch {rF+} (You
                  | found it in an ice cave)
 27054 | IceCv    | Received a gift from Okawaru
 27328 | IceCv    | Noticed a reaper
 27333 | IceCv    | Killed a reaper
 27364 | IceCv    | Found the +10 morningstar "Eos" {elec, Halo rElec}
 27544 | Lair:5   | Reached skill level 1 in Translocations
 27646 | Lair:5   | Received a gift from Okawaru
 27662 | Lair:5   | Got a brightly glowing longbow {god gift}
 27692 | Lair:5   | Identified the +8 longbow of Risk Management {flame, rC+}
                  | (Okawaru gifted it to you on level 5 of the Lair of Beasts)
 28277 | Lair:5   | Found a viscous altar of Jiyva.
 28292 | Lair:5   | Learned a level 3 spell: Mephitic Cloud
 28293 | Lair:6   | Entered Level 6 of the Lair of Beasts
 28622 | Lair:6   | Reached skill level 5 in Summonings
 28714 | Lair:6   | Found a staircase to the Slime Pits.
 28991 | Lair:6   | Noticed Sonja
 29000 | Lair:6   | Killed Sonja
 29000 | Lair:6   | Reached skill level 5 in Air Magic
 29000 | Lair:6   | Gained mutation: Your large and strong wings let you fly
                  | indefinitely. [Black Draconian growth]
 29000 | Lair:6   | Reached XP level 14. HP: 102/126 MP: 17/19
 29084 | Lair:6   | Received a gift from Okawaru
 29086 | Lair:6   | HP: 4/126 [spiny frog (15)]
 29188 | Lair:6   | HP: 6/126 [poisoned by a redback]
 29194 | Lair:6   | HP: 5/126 [poisoned by a redback]
 29202 | Lair:6   | HP: 4/126 [poisoned by a redback]
 29210 | Lair:6   | HP: 5/126 [poisoned by a redback]
 29487 | Lair:6   | Received a gift from Okawaru
 29577 | Lair:6   | Reached skill level 10 in Dodging
 29741 | Lair:6   | Reached ****** piety under Okawaru
 29798 | Lair:6   | Noticed Josephine
 29817 | Lair:6   | Killed Josephine
 29891 | Lair:6   | Received a gift from Okawaru
 29898 | Lair:6   | Reached skill level 5 in Spellcasting
 30668 | Lair:5   | Killed Orchof's ghost
 31868 | Lair:2   | Learned a level 6 spell: Deflect Missiles
 31944 | Orc:1    | Entered Level 1 of the Orcish Mines
 31945 | Orc:1    | Noticed an orc warlord
 32612 | D:10     | Killed an orc warlord
 32947 | Orc:1    | Reached skill level 15 in Bows
 33613 | Orc:1    | Found Ruyggiy's Jewellery Shoppe.
 33897 | Orc:1    | Received a gift from Okawaru
 34111 | Orc:2    | Entered Level 2 of the Orcish Mines
 34257 | Orc:2    | Found a staircase to the Elven Halls.
 34263 | Orc:2    | Noticed a stone giant
 34276 | Orc:2    | Killed a stone giant
 34489 | Orc:2    | Paralysed by an orc sorcerer for 3 turns
 34608 | Orc:2    | Found Rauphu Hyde's Jewellery Shoppe.
 34608 | Orc:2    | Found Diphibb's Gadget Boutique.
 34647 | Orc:2    | Found a roughly hewn altar of Beogh.
 35067 | Orc:2    | Reached XP level 15. HP: 135/135 MP: 24/24
 35087 | Orc:2    | Found Osej's Food Shoppe.
 35087 | Orc:2    | Found Healete's General Store.
 35131 | Orc:2    | Bought a potion of curing for 30 gold pieces
 35131 | Orc:2    | Bought a scroll of brand weapon for 200 gold pieces
 35477 | Orc:1    | Bought the ring of Charity {rC+ MR+ Int+6} for 722 gold
                  | pieces
 35477 | Orc:1    | Bought the amulet of Royalty {Reflect rPois rC+ SH+4} for
                  | 632 gold pieces
 35738 | D:13     | Noticed Azrael
 35757 | D:13     | Killed Azrael
 35757 | D:13     | Reached skill level 1 in Charms
 36232 | D:13     | Noticed a tengu reaver
 36234 | D:13     | Noticed iamserjio's ghost (journeyman DrWn)
 36239 | D:13     | Found a transporter.
 36242 | D:13     | Found a transporter.
 36256 | D:13     | Found Jiuvvoq's Food Shoppe.
 36481 | D:13     | Received a gift from Okawaru
 36507 | D:13     | Found a gate to the Vaults.
 36693 | D:14     | Received a gift from Okawaru
 36785 | D:14     | Paralysed by a wizard for 4 turns
 37358 | D:14     | Received a gift from Okawaru
 37767 | D:15     | Entered Level 15 of the Dungeon
 37851 | D:15     | Found Herewil's Distillery.
 37870 | D:15     | Bought a potion of berserk rage for 80 gold pieces
 37870 | D:15     | Bought a potion of haste for 160 gold pieces
 37870 | D:15     | Bought a potion of invisibility for 128 gold pieces
 38234 | D:15     | Found a staircase to the Depths.
 38286 | D:15     | Received a gift from Okawaru
 38476 | D:15     | Learned a level 5 spell: Silence
 38913 | D:15     | Found Libliucw's Food Emporium.
 39066 | D:15     | Found a shadowy altar of Dithmenos.
 39092 | D:15     | Noticed Roxanne
 39439 | D:15     | Killed Roxanne
 39440 | D:15     | Identified Roxanne's Collected Works on Shape Shifting (You
                  | took it off Roxanne on level 15 of the Dungeon)
 39602 | D:15     | Received a gift from Okawaru
 39677 | D:15     | Got a transparent spear
 39717 | D:15     | Identified the +7 spear of Defilement {drain, +Rage rPois
                  | MR- Dex+7} (You found it on level 15 of the Dungeon)
 39904 | Snake:1  | Entered Level 1 of the Snake Pit
 39934 | Snake:1  | Received a gift from Okawaru
 39935 | Snake:1  | Got a steaming demon whip {god gift}
 39936 | Snake:1  | Identified the +5 demon whip "Qojahyza" {pain, rF- rC+
                  | Str+2} (Okawaru gifted it to you on level 1 of the Snake
                  | Pit)
 40072 | Snake:1  | Noticed a nagaraja
 40076 | Snake:1  | Killed a nagaraja
 40149 | Snake:1  | Reached XP level 16. HP: 101/146 MP: 28/28
 40603 | Snake:1  | Found Manakh's Armour Shop.
 41058 | Snake:2  | Noticed Nikola
 41069 | Snake:2  | Killed Nikola
 41069 | Snake:2  | Received a gift from Okawaru
 41069 | Snake:2  | Reached skill level 5 in Evocations
 42178 | Snake:2  | Noticed Vashnia
 43025 | Snake:2  | Killed Vashnia
 43025 | Snake:2  | Reached skill level 15 in Fighting
 43677 | Snake:3  | Received a gift from Okawaru
 43739 | Snake:3  | HP: 4/149 [nagaraja/orb of energy (20)]
 43739 | Snake:3  | Shot with a bolt by a naga sharpshooter

Vault maps used:
D:1:      ebering_trefoil_twist
D:2:      eat_drink_and_be_merry_uskayaw
D:3:      kennysheep_the_goblin_king, kennysheep_slug_shrine, dk_noncrumbling_2,
          st_stairs_9, hangedman_ru_absence, uniq_natasha
D:4:      kennysheep_goblin_castle, overflow_temple_1_default, first_ration,
          portal_sewer_entry_d, lemuel_tele_altar, uniq_menkaure, uniq_duvessa
D:5:      basic_altar
D:7:      minmay_temple_entry_mist, uniq_crazy_yiuf_cottage
D:8:      gammafunk_temple_overflow_claw
D:9:      nemelex_xobeh_ov_fountains_minmay
D:10:     kennysheep_big_flooded_room, erik_lair_orcish_takeover,
          hiddenorc1_lemuel
D:11:     basic_altar, serial_shops, shop
D:13:     david_vaults_4, gammafunk_ghost_arena, serial_shops, shop, uniq_azrael
D:14:     serial_bayou_lagoon_a
D:15:     gammafunk_depths_entry_grave,
          nicolae_dithmenos_through_a_glass_darkly, serial_shops,
          nicolae_shop_crystal, shop, uniq_roxanne
Temple:   regret_index_temple_waves
Lair:1:   basic_altar, grunt_megastairs_2, infiniplex_staircase_pool_2,
          serial_bayou_shore_b
Lair:2:   elwin_shoals_entry_stream, guppyfry_snake_entry_garden,
          wad_woods_antlair, serial_bayou_shore_a, minmay_lair_oklob_chamber
Lair:3:   st_stairs_4, minivault_27
Lair:4:   minmay_hedge_maze, uniq_nergalle, uniq_snorg
Lair:5:   gammafunk_ghost_ooze, portal_ice_cave_entry_pillars_2
Lair:6:   hangedman_lair_tendril_chambers, minmay_slime_entry_oklob_enclosed,
          minmay_lair_oklob_bushes, lemuel_fruit_tree, uniq_josephine,
          uniq_sonja
Snake:1:  serial_shops, nicolae_shop_stone, serial_bayou_pond_c
Snake:2:  grunt_ministairs_9, serial_bayou_pond_a, uniq_nikola, uniq_vashnia
Snake:3:  lemuel_oklob_altar
Orc:1:    serial_shops, nicolae_shop_crystal, nicolae_orc_bridge_out
Orc:2:    st_orc_town
Sewer:    sewer_kobolds
IceCv:    ice_cave_small_demon

Skill      XL: |  1  2  3  4  5  6  7  8  9 10 11 12 13 14 15 16 |
---------------+-------------------------------------------------+-----
Bows           | 2 3 4 5 7 8 10 11 12 13 15 | 15.5
Invocations    | 4 5 7 |  7.0
Fighting       | 5 8 11 12 13 14 15 | 15.1
Dodging        | 3 5 8 9 10 11 | 11.9
Evocations     | 4 6 |  6.0
Maces & Flails | 8 |  8.1
Summonings     | 5 |  5.0
Air Magic      | 5 6 |  6.0
Spellcasting   | 3 6 8 |  8.0
Translocations | 2 |  2.0
Charms         | 3 4 |  4.0
Short Blades   | |  1.0
Stealth        | |  1.0

Action                   |  1- 3 |  4- 6 |  7- 9 | 10-12 | 13-15 | 16-18 || total
-------------------------+-------+-------+-------+-------+-------+-------++-------
Melee: Falchion          |    39 |    94 |       |       |       |       ||   133
       Tailslap          |     5 |     9 |    22 |    84 |    47 |       ||   167
       Dagger            |       |    63 |   170 |   139 |       |       ||   372
       Quarterstaff      |       |       |       |   293 |       |       ||   293
       Punch             |       |       |       |     2 |       |       ||     2
       Great mace        |       |       |       |    78 |   167 |       ||   245
       Morningstar       |       |       |       |       |   104 |       ||   104
 Fire: Shortbow          |    51 |    73 |   268 |   672 |    27 |       ||  1091
       Longbow           |       |       |       |       |  1015 |   267 ||  1282
 Cast: Summon Lightning  |       |       |       |       |     1 |     2 ||     3
Invok: Heroism           |       |       |       |    41 |    33 |     6 ||    80
       Finesse           |       |       |       |       |     1 |     1 ||     2
 Abil: Breathe Lightning |       |       |     1 |     6 |       |       ||     7
Evoke: Wand              |       |     2 |     4 |    16 |    27 |       ||    49
  Use: Scroll            |       |     6 |     4 |     8 |    14 |     8 ||    40
       Potion            |       |     1 |       |     6 |     6 |     2 ||    15
 Stab: Sleeping          |       |     2 |     2 |     3 |       |       ||     7
       Paralysed         |       |     8 |    10 |    19 |     9 |       ||    46
       Confused          |       |       |       |     1 |       |       ||     1
       Distracted        |       |       |       |     1 |     1 |       ||     2
  Eat: Chunk             |     2 |    10 |    13 |    16 |    32 |     3 ||    76
       Ration            |       |       |     1 |     9 |     6 |     2 ||    18
Armor: Skin              |    20 |    81 |    63 |   282 |   190 |    42 ||   678
Dodge: Dodged            |    36 |    95 |   125 |   715 |   691 |   146 ||  1808
Block: Other             |       |       |       |       |    41 |    25 ||    66
       Reflection        |       |       |       |       |     9 |     4 ||    13
       Rpst.: Falchion   |     7 |    15 |       |       |       |       ||    22

Table legend:
 A = Non-vault XP
 B = Vault XP
 C = Vault XP percentage of total XP
 D = Non-vault monster count
 E = Vault monster count
 F = Vault count percentage of total count
                 A         B        C        D         E       F
            +---------+---------+-------+---------+---------+-------
      Total |  136680 |   57602 |  29.6 |     592 |     250 |  29.7
            +---------+---------+-------+---------+---------+-------
        D:1 |      27 |       0 |   0.0 |      16 |       0 |   0.0
        D:2 |      66 |       0 |   0.0 |      22 |       0 |   0.0
        D:3 |      58 |      58 |  50.0 |      21 |      12 |  36.4
        D:4 |     108 |     463 |  81.1 |      12 |      15 |  55.6
        D:5 |     335 |       0 |   0.0 |      17 |       0 |   0.0
        D:6 |     459 |       0 |   0.0 |      12 |       0 |   0.0
        D:7 |    1148 |      42 |   3.5 |      33 |       1 |   2.9
        D:8 |    1115 |       0 |   0.0 |      16 |       0 |   0.0
        D:9 |    2496 |     643 |  20.5 |      12 |       4 |  25.0
       D:10 |    5038 |     688 |  12.0 |      25 |      25 |  50.0
       D:11 |    4106 |       0 |   0.0 |      31 |       0 |   0.0
       D:12 |    2455 |       0 |   0.0 |      17 |       0 |   0.0
       D:13 |    5915 |    4484 |  43.1 |      26 |      10 |  27.8
       D:14 |   10878 |       0 |   0.0 |      35 |       0 |   0.0
       D:15 |   11937 |    6866 |  36.5 |      27 |       9 |  25.0
     Lair:1 |    4772 |     149 |   3.0 |      24 |       1 |   4.0
     Lair:2 |    3377 |    5969 |  63.9 |      19 |      24 |  55.8
     Lair:3 |    9088 |     330 |   3.5 |      27 |       2 |   6.9
     Lair:4 |    4931 |    1887 |  27.7 |      16 |       2 |  11.1
     Lair:5 |    7354 |    2079 |  22.0 |      21 |       4 |  16.0
     Lair:6 |   15799 |   13316 |  45.7 |      41 |      41 |  50.0
    Snake:1 |   19293 |       0 |   0.0 |      35 |       0 |   0.0
    Snake:2 |    9679 |   12404 |  56.2 |      16 |       8 |  33.3
    Snake:3 |    9394 |       0 |   0.0 |      13 |       0 |   0.0
      Orc:1 |    3360 |       0 |   0.0 |      39 |       0 |   0.0
      Orc:2 |    3492 |    4813 |  58.0 |      19 |      59 |  75.6
      Sewer |       0 |     121 | 100.0 |       0 |      11 | 100.0
      IceCv |       0 |    3290 | 100.0 |       0 |      22 | 100.0
            +---------+---------+-------+---------+---------+-------
